 Dungeon Crawl Stone Soup version 0.18.1-50-g88ac8fd (console) character file.

58254 Kloppie the Executioner (level 14, -17/195 HPs)
             Began as a Hill Orc Berserker on Sept 27, 2016.
             Was the Champion of Trog.
             Demolished by an orc warrior
             ... wielding a +1 glaive of distortion
             ... led by Saint Roka
              (24 damage)
             ... on level 2 of the Orcish Mines.
             The game lasted 00:31:43 (19068 turns).

Kloppie the Executioner (Hill Orc Berserker)       Turns: 19068, Time: 00:31:43

Health: -17/195    AC: 27    Str: 33    XL:     14   Next: 89%
Magic:  6/6        EV: 10    Int: 13    God:    Trog [******]
Gold:   663        SH:  0    Dex: 10    Spells: 0 memorised, 13 levels left

rFire  + . .     SeeInvis .     E - +2 executioner's axe (antimagic)
rCold  + . .     Gourm    .     e - +2 chain mail of Space {Int+6}
rNeg   . . .     Faith    .     (shield currently unavailable)
rPois  .         Spirit   .     s - +2 helmet
rElec  .         Dismiss  .     V - +2 cloak {+Inv}
rCorr  .         Reflect  .     C - +2 pair of gloves {Str+3}
SustAt .         Harm     .     B - +0 pair of boots {Fly}
MR     +++..                    (no amulet)
Stlth  ..........               U - ring of Reimbursement {Wiz Fragile +Blink Slay+3}
                                i - ring of protection from fire

@: berserking (expiring), lethally poisoned (-17 -> -17), regenerating, very
quick, extremely resistant to hostile enchantments, extremely unstealthy
A: cold resistance 1
a: Berserk, Trog's Hand, Brothers in Arms, Burn Spellbooks, Renounce Religion,
Convert to Beogh, Evoke Blink, Evoke Invisibility, Evoke Flight


You were on level 2 of the Orcish Mines.
You worshipped Trog.
Trog was exalted by your worship.
You were not hungry.

You visited 4 branches of the dungeon, and saw 21 of its levels.

You collected 1309 gold pieces.
You spent 646 gold pieces at shops.

Inventory:

Hand Weapons
 a - the +7 battleaxe "Qytups" {vamp, Int+4 Dex+2}
   (You acquired it on level 8 of the Dungeon)

   It inflicts no extra harm, but heals its wielder somewhat when it strikes a
   living foe.
   It affects your intelligence (+4).
   It affects your dexterity (+2).
 b - a +0 flail
 E - a +2 antimagic executioner's axe (weapon)
 Y - a +1 battleaxe of freezing
Armour
 e - the +2 chain mail of Space (worn) {Int+6}
   (You bought it in a shop on level 1 of the Orcish Mines)

   It affects your intelligence (+6).
 s - a +2 helmet (worn)
 B - a +0 pair of boots of flying (worn)
 C - a +2 pair of gloves of strength (worn)
 V - a +2 cloak of invisibility (worn)
Jewellery
 h - an uncursed ring of see invisible
 i - a ring of protection from fire (left hand)
 L - an uncursed ring of resist corrosion
 U - the ring of Reimbursement (right hand) {Wiz Fragile +Blink Slay+3}
   (You found it on level 10 of the Dungeon)

   [ring of wizardry]

   It improves your spell success rate.
   It affects your accuracy and damage with ranged weapons and melee attacks
   (+3).
   It lets you blink.
   It will be destroyed if unequipped.
Wands
 g - a wand of heal wounds (7/9)
 v - a wand of disintegration (16/24)
 X - a wand of hasting (3/9)
Scrolls
 j - 4 scrolls of fog
 k - 2 scrolls of fear
 w - 3 scrolls of holy word
 x - 2 scrolls of enchant armour
 y - 2 scrolls of magic mapping
 A - 8 scrolls of remove curse
 G - 6 scrolls of teleportation
 H - a scroll of recharging
 K - 3 scrolls of enchant weapon
 T - a scroll of blinking
Potions
 l - 3 potions of heal wounds
 m - 8 potions of curing
 o - 3 potions of flight
 p - a potion of cancellation
 q - 2 potions of invisibility
 t - a potion of agility
 z - 3 potions of might
 F - 3 potions of haste
 I - a potion of resistance
 N - 3 potions of brilliance {unknown}
 P - a potion of cure mutation {unknown}
 Q - a potion of berserk rage {unknown}
Comestibles
 c - 14 bread rations
 d - 10 beef jerkies
 f - 9 slices of pizza
 n - 12 fruits
 r - 4 chunks of flesh


   Skills:
 + Level 13.9 Fighting
 + Level 21.3 Axes
 - Level 13.3 Armour
 - Level 1.5 Dodging
 - Level 7.6 Evocations


You had 13 spell levels left.
You didn't know any spells.

Dungeon Overview and Level Annotations

Branches:
Dungeon (10/15)            Temple (0/1) D:4            Lair (8/8) D:10
  Swamp (1/4) Lair:6       Spider (0/4) Lair:6        Slime (0/6) Lair:7
    Orc (2/2) D:10            Elf (0/3) Orc:2

Altars:
Ashenzari
Cheibriados
Dithmenos
Fedhas
Gozag
Nemelex Xobeh
Pakellas
Qazlal
Sif Muna
Trog
Vehumet
Yredelemnul
The Shining One
Beogh
Jiyva

Shops:
D:7 ?   Orc:1 [

Annotations:
Lair:5 exclusion: 2 oklob plants
Orc:2 Nergalle, Saint Roka


Innate Abilities, Weirdness & Mutations

Your flesh is cold resistant.


Message History

You feel sick.
The orc warrior hits you from afar with a glaive of distortion.
* * * LOW HITPOINT WARNING * * *
You blink.
You feel a strong urge to attack something.
You feel sick. The orc warrior closely misses you.
You slash Saint Roka!
Saint Roka is almost dead.
Saint Roka threatens, "By the altar or by the axe, you will meet Beogh!"
The orc warrior no longer looks unusually strong.
You completely miss Saint Roka.
Saint Roka is almost dead.
You feel sick.
Saint Roka roars a battlecry!
The orc warrior goes into a battle-frenzy!
Saint Roka hits you with a great mace of venom!
* * * LOW HITPOINT WARNING * * *
The orc warrior hits you from afar with a glaive of distortion!!
You die...

##......#......##
####[[).#####....##
#....[### #.....##.#
##.^..<#######......#
#..[)...##...)...###
##.#.....#.....###
###...))..o.### ##.....o.##
### #.....@..### ##.#
####.........## ### #..#
##..#...#......###.#####.(
##......##......##..Z#...4(
#.....<.####......#.(.Zo.).
###.......#
#.........3.3.o.
#..#.....##
###........####..
##.#....#####.#...######
### ###......##........#


You could see Saint Roka and an orc warrior.

Vanquished Creatures
  Snorg (Lair:5)
  7 hydras
  Erolcha (D:9)
  2 catoblepae
  7 death yaks
  A deep troll shaman (Lair:8)
  An orc high priest (Orc:2)
  Urug (D:10)
  2 unseen horrors (D:10)
  2 hill giants (D:10)
  An oklob plant (Lair:5)
  An orb spider (Lair:6)
  3 orc sorcerers (Orc:2)
  12 elephants
  5 black mambas
  17 spiny frogs
  3 rime drakes
  8 komodo dragons
  A troll (D:9)
  4 polar bears
  Grinder (D:6)
  15 blink frogs
  A boulder beetle (Lair:8)
  A spriggan (Lair:7)
  A wyvern (Lair:2)
  46 yaks
  A hungry ghost (D:10)
  2 basilisks
  9 hippogriffs
  Menkaure (D:5)
  A warg (Orc:1)
  11 water moccasins
  13 porcupines
  Duvessa (D:7)
  9 orc warriors
  3 sky beasts
  2 black bears
  3 ice beasts
  7 ogres
  5 centaurs
  2 phantoms
  19 wolves
  15 crocodiles
  A big kobold (D:7)
  17 giant frogs
  A gnoll sergeant (D:10)
  Dowan (D:7)
  A scorpion (D:4)
  14 killer bees
  4 howler monkeys
  3 electric eels (Lair:6)
  5 crimson imps
  10 orc priests
  A giant frog skeleton (D:10)
  6 hounds
  A gnoll shaman (D:10)
  21 orc wizards
  3 centaur skeletons
  Ijyb (D:2)
  10 hell rats (Lair:1)
  8 iguanas
  6 worker ants
  Natasha (thrice) (D:4)
  27 sheep
  A hound skeleton (D:10)
  2 worker ant zombies
  Robin (D:2)
  3 adders
  13 gnolls
  68 river rats
  A shadow imp (D:5)
  An adder skeleton (D:8)
  6 worms
  7 giant geckos
  48 orcs
  4 ball pythons
  5 bats
  4 giant cockroaches
  10 goblins
  13 hobgoblins
  12 jackals
  4 quokkas
  7 giant newts
  A jackal skeleton (D:5)
  15 kobolds
  16 rats
  A bush (Lair:8)
  4 fungi
  8 plants
648 creatures vanquished.

Vanquished Creatures (collateral kills)
  A hydra (Lair:3)
  A water moccasin (Lair:3)
  2 wolves (Lair:3)
4 creatures vanquished.

Vanquished Creatures (others)
  A fire dragon (D:8)
  The ghost of Gottschkopf the Thaumaturge, a novice DECj of Vehumet (D:10)
  A scorpion (D:6)
  An adder (D:6)
  A fulminant prism (D:10)
  4 fungi (Lair:8)
9 creatures vanquished.

Grand Total: 661 creatures vanquished

Notes
Turn   | Place    | Note
--------------------------------------------------------------
     0 | D:1      | Kloppie the Hill Orc Berserker began the quest for the Orb.
     0 | D:1      | Reached XP level 1. HP: 19/19 MP: 1/1
   289 | D:1      | Reached XP level 2. HP: 27/27 MP: 2/2
   452 | D:1      | Reached ** piety under Trog
   452 | D:1      | Reached XP level 3. HP: 27/33 MP: 3/3
   607 | D:1      | Reached skill level 5 in Axes
   967 | D:2      | Reached XP level 4. HP: 41/41 MP: 4/4
  1047 | D:2      | Found a shadowy altar of Dithmenos.
  1060 | D:2      | Noticed Ijyb
  1105 | D:2      | Killed Ijyb
  1105 | D:2      | Reached skill level 5 in Fighting
  1175 | D:2      | Noticed Robin
  1204 | D:2      | Killed Robin
  1205 | D:2      | Reached *** piety under Trog
  1376 | D:2      | Reached XP level 5. HP: 48/48 MP: 5/5
  1377 | D:2      | Reached skill level 6 in Axes
  1513 | D:2      | Found a bloodstained altar of Trog.
  1710 | D:3      | Found a shattered altar of Ashenzari.
  1795 | D:3      | Found a basalt altar of Yredelemnul.
  1936 | D:3      | Reached **** piety under Trog
  1936 | D:3      | Reached XP level 6. HP: 43/57 MP: 6/6
  2099 | D:3      | Reached skill level 7 in Axes
  2426 | D:3      | Found an opulent altar of Gozag.
  2598 | D:4      | Noticed Natasha
  2616 | D:4      | Killed Natasha
  2616 | D:4      | Reached XP level 7. HP: 59/64 MP: 7/7
  2666 | D:4      | Found a glowing golden altar of the Shining One.
  2722 | D:4      | Noticed Natasha
  2741 | D:4      | Killed Natasha
  2788 | D:4      | Noticed Natasha
  2791 | D:4      | Found a staircase to the Ecumenical Temple.
  2796 | D:4      | Killed Natasha
  2796 | D:4      | Reached skill level 8 in Axes
  2982 | D:4      | Found a sparkling altar of Nemelex Xobeh.
  3079 | D:4      | Found a blossoming altar of Fedhas.
  3079 | D:4      | Found a stormy altar of Qazlal.
  3209 | D:5      | Entered Level 5 of the Dungeon
  3249 | D:5      | Noticed Menkaure
  3260 | D:5      | Killed Menkaure
  3260 | D:5      | Reached skill level 9 in Axes
  3260 | D:5      | Reached XP level 8. HP: 44/74 MP: 8/8
  3825 | D:5      | Reached skill level 10 in Axes
  4314 | D:5      | Reached skill level 5 in Armour
  4480 | D:6      | Reached skill level 11 in Axes
  4480 | D:6      | Reached XP level 9. HP: 75/82 MP: 9/9
  4849 | D:6      | Noticed Grinder
  5218 | D:6      | Killed Grinder
  5383 | D:6      | Reached skill level 12 in Axes
  5399 | D:6      | Found a deep blue altar of Sif Muna.
  5503 | D:6      | Found a radiant altar of Vehumet.
  5528 | D:6      | Found a snail-covered altar of Cheibriados.
  6423 | D:7      | Found Vaboy's Magic Scroll Boutique.
  6604 | D:7      | Reached XP level 10. HP: 86/90 MP: 10/10
  6801 | D:7      | Noticed Duvessa
  6803 | D:7      | Noticed Dowan
  6810 | D:7      | Killed Duvessa
  6820 | D:7      | Killed Dowan
  6820 | D:7      | Reached skill level 13 in Axes
  7102 | D:8      | Reached ***** piety under Trog
  7588 | D:8      | Found an oddly glowing altar of Pakellas.
  7588 | D:8      | Noticed a fire dragon
  7595 | D:8      | Killed a fire dragon
  7660 | D:8      | Identified a scroll of acquirement
  7661 | D:8      | Got a crude battleaxe
  7663 | D:8      | Identified the +7 battleaxe "Qytups" {vamp, Int+4 Dex+2} (You acquired it on level 8 of the Dungeon)
  7853 | D:9      | Noticed Erolcha
  7871 | D:9      | Killed Erolcha
  7871 | D:9      | Reached skill level 14 in Axes
  7871 | D:9      | Reached skill level 10 in Armour
  8101 | D:9      | Noticed a seven-headed hydra
  8121 | D:9      | Killed an eight-headed hydra
  8642 | D:10     | Entered Level 10 of the Dungeon
  8660 | D:10     | Reached XP level 11. HP: 63/97 MP: 11/11
  8665 | D:10     | Reached skill level 15 in Axes
  8667 | D:10     | Reached skill level 10 in Fighting
  8877 | D:10     | Noticed an unseen horror
  8887 | D:10     | Killed an unseen horror
  8905 | D:10     | Found a staircase to the Lair.
  8944 | D:10     | Noticed a hill giant
  8963 | D:10     | Killed a hill giant
  9066 | D:10     | Noticed Gottschkopf's ghost (novice DECj)
  9076 | D:10     | Killed Gottschkopf's ghost
  9111 | D:10     | Noticed a hill giant
  9122 | D:10     | Killed a hill giant
  9504 | D:10     | Noticed an unseen horror
  9511 | D:10     | Killed an unseen horror
  9620 | D:10     | Received a gift from Trog
  9681 | D:10     | Found a staircase to the Orcish Mines.
  9682 | D:10     | Noticed Urug
  9692 | D:10     | Killed Urug
  9692 | D:10     | Reached skill level 16 in Axes
  9733 | D:10     | Got a brightly glowing ivory ring
  9902 | D:10     | Identified the ring of Reimbursement {Wiz Fragile +Blink Slay+3} (You found it on level 10 of the Dungeon)
  9933 | Lair:1   | Entered Level 1 of the Lair of Beasts
 10741 | Lair:1   | Reached XP level 12. HP: 113/113 MP: 12/12
 11215 | Lair:1   | Reached skill level 1 in Evocations
 11323 | Lair:2   | Received a gift from Trog
 11323 | Lair:2   | Reached skill level 17 in Axes
 12152 | Lair:3   | Reached skill level 5 in Evocations
 12299 | Lair:3   | Reached skill level 18 in Axes
 12509 | Lair:3   | Noticed a six-headed hydra
 12514 | Lair:3   | Killed a six-headed hydra
 12983 | Lair:4   | Got a crystal quarterstaff
 12984 | Lair:4   | Identified the +8 quarterstaff of Hagulup {crush, Stlth+} (You found it on level 4 of the Lair of Beasts)
 13035 | Lair:4   | Reached XP level 13. HP: 95/119 MP: 16/18
 13281 | Lair:4   | Received a gift from Trog
 13515 | Lair:5   | Noticed Snorg
 13524 | Lair:5   | Killed Snorg
 13617 | Lair:5   | Reached skill level 19 in Axes
 13650 | Lair:5   | Reached ****** piety under Trog
 14579 | Lair:6   | Got a smoking lead ring
 14581 | Lair:6   | Identified the ring "Xyckuv" {Str+4 Dex+3} (You acquired it on level 6 of the Lair of Beasts)
 14679 | Lair:6   | Found a staircase to the Swamp.
 14684 | Lair:6   | Received a gift from Trog
 14801 | Lair:6   | Found a hole to the Spider Nest.
 15808 | Lair:7   | Reached skill level 20 in Axes
 15982 | Lair:7   | Reached XP level 14. HP: 127/127 MP: 19/19
 16252 | Lair:7   | Found a viscous altar of Jiyva.
 16252 | Lair:7   | Found a staircase to the Slime Pits.
 16761 | Lair:8   | Entered Level 8 of the Lair of Beasts
 17099 | Lair:8   | Received a gift from Trog
 17263 | Lair:8   | Gained mutation: Your flesh is cold resistant. [potion of beneficial mutation]
 17357 | Lair:8   | Reached skill level 21 in Axes
 18146 | Swamp:1  | Entered Level 1 of the Swamp
 18302 | Orc:1    | Entered Level 1 of the Orcish Mines
 18302 | Orc:1    | Found Yceroteg's Antique Armour Shop.
 18306 | Orc:1    | Bought a dazzling chain mail for 332 gold pieces
 18316 | Orc:1    | Identified the +2 chain mail of Space {Int+6} (You bought it in a shop on level 1 of the Orcish Mines)
 18317 | Orc:1    | Bought a runed helmet for 157 gold pieces
 18317 | Orc:1    | Bought a pair of glowing boots for 157 gold pieces
 18403 | Orc:2    | Entered Level 2 of the Orcish Mines
 18543 | Orc:2    | Found a roughly hewn altar of Beogh.
 18543 | Orc:2    | Noticed Saint Roka
 18544 | Orc:2    | Noticed Nergalle
 18574 | Orc:1    | HP: 6/130 [warg[Saint Roka] (7)]
 19048 | Orc:2    | Found a staircase to the Elven Halls.
 19068 | Orc:2    | HP: 7/195 [Saint Roka/great mace of venom (9)]
 19068 | Orc:2    | Demolished by an orc warrior

Skill      XL: |  1  2  3  4  5  6  7  8  9 10 11 12 13 14 |
---------------+-------------------------------------------+-----
Fighting       | 4 5 6 8 9 12 13 | 13.9
Axes           | 5 6 7 9 11 12 14 16 18 20 21 | 21.3
Armour         | 5 8 10 12 13 | 13.3
Evocations     | 6 7 |  7.6
Dodging        | |  1.5

Action                   |  1- 3 |  4- 6 |  7- 9 | 10-12 | 13-15 || total
-------------------------+-------+-------+-------+-------+-------++-------
Melee: Hand axe          |   115 |   273 |   305 |       |       ||   693
       Unarmed           |       |       |    13 |       |       ||    13
       War axe           |       |       |   182 |   393 |       ||   575
       Battleaxe         |       |       |       |   241 |   384 ||   625
       Executioner's axe |       |       |       |       |   137 ||   137
Invok: Berserk           |       |     5 |     5 |     6 |     9 ||    25
       Trog's Hand       |       |     1 |     5 |     3 |     3 ||    12
       Brothers in Arms  |       |       |       |     2 |       ||     2
 Abil: Stop Flying       |       |       |       |       |     1 ||     1
Evoke: Wand              |       |       |       |     2 |       ||     2
  Use: Potion            |       |     1 |     1 |       |     3 ||     5
       Scroll            |       |       |    17 |    14 |     7 ||    38
  Eat: Chunk             |       |    11 |    13 |    24 |    13 ||    61
       Meat ration       |       |       |     1 |     1 |     3 ||     5
       Royal jelly       |       |       |     1 |       |     1 ||     2
       Bread ration      |       |       |       |     1 |       ||     1
       Pizza             |       |       |       |     1 |       ||     1
Armor: Animal skin       |     5 |       |       |       |       ||     5
       Ring mail         |    35 |    64 |       |       |       ||    99
       Scale mail        |       |    44 |   243 |   184 |       ||   471
       Chain mail        |       |       |       |   144 |   379 ||   523
Dodge: Dodged            |    80 |   125 |   237 |   269 |   244 ||   955
